 Dungeon Crawl Stone Soup version 0.27-a0-1137-g3ef0f4ec91 (webtiles) character file.

Game seed: 15626242891914369081

1423 leviel the Shield-Bearer (level 8, -8/67 HPs)
             Began as a Gnoll Fighter on May 6, 2021.
             Mangled by Maggie
             ... wielding a +0 broad axe of flaming
              (11 damage)
             ... on level 6 of the Dungeon.
             The game lasted 00:09:44 (7837 turns).

leviel the Shield-Bearer (Gnoll Fighter)            Turns: 7837, Time: 00:09:45

Health: -8/67      AC:  9    Str: 20 (22) XL:     8   Next: 72%
Magic:  13/13      EV: 10    Int:  4 (7)  God:
Gold:   305        SH: 15    Dex:  8 (11) Spells: 14/14 levels left

rFire    . . .     SeeInvis .   a - +0 long sword
rCold    . . .     Faith    .   g - +5 buckler of an ossuary {Str+3}
rNeg     . . .     Spirit   .   b - +0 scale mail
rPois    .         Reflect  +   (no helmet)
rElec    .         Harm     .   (no cloak)
rCorr    .         Rampage  .   l - +0 pair of gloves
Will     .....                  (no boots)
Stlth    +.........             n - amulet of reflection
HPRegen  0.21/turn              (no ring)
MPRegen  0.13/turn              (no ring)

@: about to teleport, mesmerised
A: fangs 1, strong nose, distributed training
a: no special abilities


You were on level 6 of the Dungeon.
You visited 1 branch of the dungeon, and saw 6 of its levels.

You collected 305 gold pieces.

Inventory:

Hand Weapons
 a - a +0 long sword (weapon)
Missiles
 c - 31 poisoned darts (quivered)
Armour
 b - a +0 scale mail (worn)
 g - the +5 buckler of an ossuary (worn) {Str+3}
   (You found it on level 5 of the Dungeon)

   It affects your strength (+3).
 l - a +0 pair of gloves (worn)
Jewellery
 n - an amulet of reflection (around neck)
Wands
 d - a wand of digging (3)
Scrolls
 h - a scroll of identify


   Skills:
 + Level 7.5 Fighting
 + Level 3.5 Short Blades
 + Level 5.8 Long Blades
 + Level 3.5 Axes
 + Level 3.5 Maces & Flails
 + Level 3.5 Polearms
 + Level 3.5 Staves
 + Level 3.5 Slings
 + Level 3.5 Bows
 + Level 3.5 Crossbows
 + Level 3.5 Throwing
 + Level 7.5 Armour
 + Level 3.5 Dodging
 + Level 3.5 Stealth
 + Level 7.5 Shields
 + Level 3.5 Unarmed Combat
 + Level 3.5 Spellcasting
 + Level 2.9 Conjurations
 + Level 2.9 Hexes
 + Level 2.9 Summonings
 + Level 2.9 Necromancy
 + Level 2.9 Translocations
 + Level 2.9 Transmutations
 + Level 2.9 Fire Magic
 + Level 2.9 Ice Magic
 + Level 2.9 Air Magic
 + Level 2.9 Earth Magic
 + Level 2.9 Poison Magic
 + Level 3.9 Invocations
 + Level 3.5 Evocations


You had 14 spell levels left.
You didn't know any spells.
Your spell library was empty.

Dungeon Overview and Level Annotations

Branches:
Dungeon (6/15)
 Temple: D:4-7

Altars:
Dithmenos
Okawaru

Annotations:
D:1 Crazy Yiuf
D:6 Maggie


Innate Abilities, Weirdness & Mutations

You have very sharp teeth.
Your uncanny sense of smell can sniff out nearby items.
Your experience applies equally to all skills.


Message History

Maggie draws you further into her thrall.
You hit Maggie.
Maggie is moderately wounded.
You block Maggie's attack.
You hit Maggie.
Maggie is moderately wounded.
You block Maggie's attack.
You barely miss Maggie.
Maggie is moderately wounded.
Maggie gestures wildly while chanting.
Maggie draws you further into her thrall.
You slash Maggie!
Maggie is heavily wounded.
Maggie hits you with a +0 broad axe of flaming!
* * * LOW HITPOINT WARNING * * *
Maggie burns you.
* * * LOW HITPOINT WARNING * * *
You hit Maggie but do no damage.
Maggie is heavily wounded.
Maggie hits you with a +0 broad axe of flaming.
* * * LOW HITPOINT WARNING * * *
Maggie burns you.
* * * LOW HITPOINT WARNING * * *
You cannot move away from Maggie!
You cannot move away from Maggie!
You closely miss Maggie.
Maggie is heavily wounded.
Maggie hits you with a +0 broad axe of flaming.
* * * LOW HITPOINT WARNING * * *
Maggie burns you.
* * * LOW HITPOINT WARNING * * *
It was a potion of degeneration.
There was something very wrong with that liquid.
You feel weakened.
You feel dopey.
You feel clumsy. You block Maggie's attack.
You aren't carrying any potions.
As you read the scroll of teleportation, it crumbles to dust.
You feel strangely unstable.
Maggie hits you with a +0 broad axe of flaming!
You die...

#...# #.#
##..# #.#
#..# #.#
##># #.#
#.#
#.#####.#
#.##....#
#@##.####
#@##.#
#....#
######


You could see Maggie (mesmerising).

Vanquished Creatures
  A steam dragon (D:4)
  2 water moccasins (D:4)
  A black bear (D:4)
  A sky beast (D:5)
  An ogre (D:6)
  A phantom (D:5)
  A wyvern zombie (D:4)
  3 scorpions (D:5)
  A howler monkey (D:6)
  3 hounds
  A centaur skeleton (D:5)
  An iguana (D:5)
  Terence (D:3)
  Natasha (twice) (D:3)
  6 gnolls
  A howler monkey skeleton (D:5)
  6 adders
  2 white imps (D:6)
  An adder skeleton (D:4)
  2 worms
  5 dart slugs
  12 orcs
  10 ball pythons
  7 endoplasms
  4 giant cockroaches
  6 goblins
  9 hobgoblins
  3 jackals (D:1)
  4 kobolds (D:3)
  7 quokkas
  2 bats
  A frilled lizard (D:3)
  2 rats (D:1)
110 creatures vanquished.

Notes
Turn   | Place    | Note
-------+----------+-------------------------------------------
     0 | D:1      | leviel the Gnoll Fighter began the quest for the Orb.
     0 | D:1      | Reached XP level 1. HP: 23/23 MP: 1/1
   164 | D:1      | Reached XP level 2. HP: 29/29 MP: 2/2
   480 | D:1      | Found a faded altar of an unknown god.
   790 | D:2      | Reached XP level 3. HP: 24/35 MP: 3/3
  1022 | D:2      | Found an iron altar of Okawaru.
  1340 | D:2      | Reached skill level 1 in Invocations
  1689 | D:2      | Reached skill level 1 in Short Blades
  1689 | D:2      | Reached skill level 1 in Axes
  1689 | D:2      | Reached skill level 1 in Maces & Flails
  1689 | D:2      | Reached skill level 1 in Polearms
  1689 | D:2      | Reached skill level 1 in Staves
  1689 | D:2      | Reached skill level 1 in Slings
  1689 | D:2      | Reached skill level 1 in Bows
  1689 | D:2      | Reached skill level 1 in Crossbows
  1689 | D:2      | Reached skill level 1 in Throwing
  1689 | D:2      | Reached skill level 1 in Dodging
  1689 | D:2      | Reached skill level 1 in Stealth
  1689 | D:2      | Reached skill level 1 in Unarmed Combat
  1689 | D:2      | Reached skill level 1 in Spellcasting
  1689 | D:2      | Reached skill level 1 in Evocations
  1902 | D:2      | You fall into a shaft and drop 2 floors!
  1923 | D:3      | Reached XP level 4. HP: 38/41 MP: 5/5
  2070 | D:3      | Noticed Terence
  2087 | D:3      | Killed Terence
  2088 | D:3      | Reached skill level 1 in Conjurations
  2088 | D:3      | Reached skill level 1 in Hexes
  2088 | D:3      | Reached skill level 1 in Summonings
  2088 | D:3      | Reached skill level 1 in Necromancy
  2088 | D:3      | Reached skill level 1 in Translocations
  2088 | D:3      | Reached skill level 1 in Transmutations
  2088 | D:3      | Reached skill level 1 in Fire Magic
  2088 | D:3      | Reached skill level 1 in Ice Magic
  2088 | D:3      | Reached skill level 1 in Air Magic
  2088 | D:3      | Reached skill level 1 in Earth Magic
  2088 | D:3      | Reached skill level 1 in Poison Magic
  2289 | D:3      | Noticed Natasha
  2299 | D:3      | Killed Natasha
  2300 | D:3      | Reached XP level 5. HP: 40/47 MP: 5/7
  2363 | D:3      | Noticed Natasha
  2368 | D:3      | Killed Natasha
  3674 | D:2      | Found a runed translucent door.
  3675 | D:2      | Noticed Crazy Yiuf
  4204 | D:4      | Reached XP level 6. HP: 30/53 MP: 8/8
  4209 | D:4      | Noticed a black bear
  4247 | D:4      | Killed a black bear
  4248 | D:4      | Reached skill level 5 in Long Blades
  4866 | D:4      | Found a shadowy altar of Dithmenos.
  5060 | D:4      | Reached XP level 7. HP: 58/59 MP: 10/10
  5184 | D:4      | Noticed a steam dragon
  5199 | D:4      | HP: 2/59 [steam dragon (5)]
  5200 | D:4      | Killed a steam dragon
  5792 | D:5      | Entered Level 5 of the Dungeon
  6282 | D:5      | Identified the +5 buckler of an ossuary {Str+3}
  6498 | D:4      | Reached XP level 8. HP: 23/67 MP: 12/12
  7814 | D:6      | Noticed Maggie
  7835 | D:6      | HP: 3/67 [Maggie/+0 broad axe of flaming (1)]
  7837 | D:6      | Mangled by Maggie

Illustrated notes

Levels and vault maps discovered:
D:1:      mrwooster_arrival_arrow, layout_rooms,
          shapermc_ecumenical_altar_starsandcircs, interstate_on_off
D:2:      kennysheep_big_flooded_room, layout_loops_cross, basic_altar,
          uniq_crazy_yiuf_cottage
D:3:      layout_loops_corners, st_stairs_10, minmay_goblin_outpost,
          uniq_terence, uniq_natasha
D:4:      layout_loops_ring, nicolae_dithmenos_through_a_glass_darkly
D:5:      layout_gridville
D:6:      layout_basic, chequers_serial_rivers_marsh, uniq_eustachio,
          uniq_maggie

Skill      XL: |  1  2  3  4  5  6  7 |
---------------+----------------------+-----
Invocations    | 1 2 3 |  3.9
Short Blades   | 1 2 3 |  3.5
Axes           | 1 2 3 |  3.5
Maces & Flails | 1 2 3 |  3.5
Polearms       | 1 2 3 |  3.5
Staves         | 1 2 3 |  3.5
Slings         | 1 2 3 |  3.5
Bows           | 1 2 3 |  3.5
Crossbows      | 1 2 3 |  3.5
Throwing       | 1 2 3 |  3.5
Dodging        | 1 2 3 |  3.5
Stealth        | 1 2 3 |  3.5
Unarmed Combat | 1 2 3 |  3.5
Spellcasting   | 1 2 3 |  3.5
Evocations     | 1 2 3 |  3.5
Conjurations   | 1 2 |  2.9
Hexes          | 1 2 |  2.9
Summonings     | 1 2 |  2.9
Necromancy     | 1 2 |  2.9
Translocations | 1 2 |  2.9
Transmutations | 1 2 |  2.9
Fire Magic     | 1 2 |  2.9
Ice Magic      | 1 2 |  2.9
Air Magic      | 1 2 |  2.9
Earth Magic    | 1 2 |  2.9
Poison Magic   | 1 2 |  2.9
Long Blades    | 5 |  5.8
Fighting       | 7 |  7.5
Armour         | 7 |  7.5
Shields        | 7 |  7.5

Action                   |  1- 3 |  4- 6 |  7- 9 || total
-------------------------+-------+-------+-------++-------
Melee: Long sword        |   102 |   180 |   190 ||   472
       Bite              |     4 |    25 |    15 ||    44
Throw: Dart              |       |     2 |    17 ||    19
Evoke: Wand              |       |       |     1 ||     1
  Use: Scroll            |       |    10 |     1 ||    11
       Potion            |       |     1 |     4 ||     5
Armor: Scale mail        |    51 |    76 |    59 ||   186
       Skin              |       |     7 |       ||     7
Dodge: Dodged            |    37 |    53 |    60 ||   150
Block: Kite shield       |    47 |   138 |    81 ||   266
       Reflection        |       |     1 |       ||     1
       Buckler           |       |       |    97 ||    97
       Rpst.: Long sword |    13 |    13 |    13 ||    39

Table legend: (Time is in decaauts)
 A = Elapsed time spent in this place.
 B = Non-inter-level travel time spent in this place.
 C = Inter-level travel time spent in this place.
 D = Time resting spent in this place.
 E = Time spent auto-exploring this place.
 F = Levels seen in this place.
 G = Mean time per level.
                   A        B        C        D        E       F      G
               +--------+--------+--------+--------+--------+-----+--------+
         Total |   7973 |   7800 |    173 |   2580 |   3983 |   6 | 1328.8 |
       Dungeon |   7973 |   7800 |    173 |   2580 |   3983 |   6 | 1328.8 |
               +--------+--------+--------+--------+--------+-----+--------+

Top non-repeatable levels by time:
     D:4: 2354 daAuts
     D:3: 1759 daAuts
     D:2: 1524 daAuts
     D:5: 1217 daAuts
     D:1: 791 daAuts
     D:6: 326 daAuts
